 Dungeon Crawl Stone Soup version 0.22.1-6-g1668fe2c40 (webtiles) character file.

95 Forgol the Ducker (level 4, -4/31 HPs)
             Began as an Octopode Fighter on Jan 29, 2019.
             Killed by divine providence
             ... invoked by an orc priest
              (15 damage)
             ... on level 2 of the Dungeon.
             The game lasted 00:07:21 (2624 turns).

Forgol the Ducker (Octopode Fighter)                Turns: 2624, Time: 00:07:21

Health: -4/31      AC:  1    Str: 21    XL:     4   Next: 66%
Magic:  4/4        EV: 12    Int: 10    God:
Gold:   121        SH:  9    Dex: 11    Spells: 3/3 levels left

rFire    . . .     SeeInvis .   a - +0 flail
rCold    . . .     Gourm    +   b - +0 shield
rNeg     . . .     Faith    .   (helmet restricted)
rPois    .         Spirit   .   g - amulet of the gourmand
rElec    .         Reflect  .   (no ring)
rCorr    .         Harm     .   (no ring)
MR       .....                  (no ring)
Stlth    ++........             (no ring)
HPRegen  0.10/turn              (no ring)
MPRegen  0.09/turn              (no ring)
                                (no ring)
                                (no ring)

@: mighty
A: almost no armour, stealthy swim, amphibious, 8 rings, constrict 8, camouflage
1, gelatinous body 1
a: no special abilities


You were on level 2 of the Dungeon.
You were not hungry.

You visited 1 branch of the dungeon, and saw 2 of its levels.

You collected 121 gold pieces.

Inventory:

Hand Weapons
 a - a +0 flail (weapon)
 j - a +0 falchion of electrocution
Armour
 b - a +0 shield (worn)
Jewellery
 g - an amulet of the gourmand (around mantle)
Scrolls
 f - 2 scrolls of teleportation {unknown}
 h - a scroll of remove curse {unknown}
 i - 3 scrolls of identify
 k - a scroll of blinking {unknown}
 m - a scroll of enchant weapon {unknown}
Potions
 c - 2 potions of lignification
 e - a potion of ambrosia {unknown}
 n - a potion of curing {unknown}
 o - a potion of flight {unknown}
Comestibles
 d - 3 rations


   Skills:
 + Level 3.5 Fighting
 * Level 3.3 Maces & Flails
 + Level 3.5 Dodging
 + Level 3.5 Shields


You had 3 spell levels left.
You didn't know any spells.
Your spell library was empty.

Dungeon Overview and Level Annotations

Branches:
Dungeon (2/15)

Altars:
Ru


Innate Abilities, Weirdness & Mutations

You cannot wear most types of armour.
You are very stealthy in the water. (Stealth+)
You are amphibious.
You can wear up to eight rings at the same time.
You can use your tentacles to constrict eight enemies at once.
Your skin changes colour to match your surroundings (Stealth+).
Your rubbery body absorbs attacks. (AC +1, EV +1)


Message History

An orc priest comes into view. It is wielding a mace.
You barely miss the orc. You grab the orc. You squeeze the orc.
You kill the orc!
The orc hits you with a hand axe!
A hound comes into view.
The orc priest casts a cantrip, but nothing happens.
The orc priest mumbles some strange prayers to Beogh against you.
Beogh smites you! The orc closely misses you.
The hound stops to sniff the ground.
You feel very mighty all of a sudden.
You thump the orc!
You kill the orc!
You sock the orc!
You kill the orc!
You sock the hound! You grab the hound. You squeeze the hound!
You kill the hound!
The orc priest invokes the aid of Beogh against you.
Beogh smites you!
You die...

#...#..# #.#....
#####.#..[o# ##..###
..........# #.##
####.....# #.# #....##
#.#### #..### #..... #.#
##o# ##..... #.# #)#
#.##### #.# #@# #.# #.#
#.# #.# #.#####.# #.#
#.##....##########.#
######.##.#.............#
#...........#.###########
#.####.##..##.# #.#
##.##..##.# #.#
#..##..##.#####


You could see an orc priest.

Vanquished Creatures
  A hound (D:2)
  An adder (D:2)
  3 worms (D:2)
  A dart slug (D:1)
  3 leopard geckos
  7 orcs
  2 giant cockroaches
  4 goblins
  4 kobolds
  A quokka (D:2)
  A bat (D:2)
  10 rats
38 creatures vanquished.

Notes
Turn   | Place    | Note
-------+----------+-------------------------------------------
     0 | D:1      | Forgol the Octopode Fighter began the quest for the Orb.
     0 | D:1      | Reached XP level 1. HP: 16/16 MP: 1/1
   426 | D:1      | Reached XP level 2. HP: 21/21 MP: 2/2
  1200 | D:1      | Reached XP level 3. HP: 26/26 MP: 3/3
  1509 | D:2      | Found a sacrificial altar of Ru.
  2461 | D:2      | Found a faded altar of an unknown god.
  2524 | D:2      | Reached XP level 4. HP: 31/31 MP: 4/4
  2624 | D:2      | Killed from afar by an orc priest

Skill      XL: |  1  2  3 |
---------------+----------+-----
Maces & Flails | 3 |  3.3
Fighting       | |  3.5
Dodging        | |  3.5
Shields        | |  3.5

Action                   |  1- 3 |  4- 6 || total
-------------------------+-------+-------++-------
Melee: Flail             |    59 |     8 ||    67
       Constrict         |    17 |     2 ||    19
       Tentacles         |     4 |     2 ||     6
       Falchion          |     4 |       ||     4
  Use: Potion            |     1 |     1 ||     2
       Scroll            |     1 |       ||     1
 Stab: Sleeping          |     5 |     1 ||     6
  Eat: Chunk             |     7 |       ||     7
Armor: Skin              |     4 |       ||     4
Dodge: Dodged            |    21 |     3 ||    24
Block: Shield            |    23 |     2 ||    25
